 BcadrenCrawl: Boulder Brew version 0.05.21-63-g49dc21dc10 (webtiles) character file.

Game seed: 15689515096509596508, levelgen mode: deterministic

325771 esc the Phalangite (level 21, -52/128 HPs) Tengu Merfolk. Began on Mar 19, 2021. Was the Champion of the Shining One. Annihilated by Gonosoxt's ghost (64 damage) ... on level 4 of the Depths on Aug 25, 2021. The game lasted 01:45:37 (31169 turns).

esc the Phalangite (Tengu Merfolk)                 Turns: 31169, Time: 01:45:37

Health: -52/128    AC: 18    Str: 15    XL:     21 ^: 37703
Magic:  18/28      EV: 38    Int:  8    God:    the Shining One [6* [187]]
Gold:   3472       SH: 10    Dex: 32    Spells: 20/20 levels left

rFire    + . .     Vision   .   a - +9 bardiche (molten)
rCold    + + .     Gourm    .   (also wielding the above weapon)
rNeg     + + +     Faith    .   U - quicksilver dragon scales {Dex+3}
rCorr    . . .     Spirit   .   c - +2 hat {Dex+3}
rPois    .         Reflect  .   Q - scarf {rC+ rF+}
rElec    .         Harm     .   O - +2 pair of gloves {rC+}
MR       ++...                  (boots unavailable)
Stlth    ++........             s - amulet of regeneration (curse) {(Curse: Soulbond)}
HPRegen  0.92/turn              j - ring of slaying
MPRegen  0.38/turn              p - ring of slaying

@: divine shield, glowing, studying Long Blades
A: beak, talons, blink, nightstalker 1, merfolk tail, tengu flight, sturdy frame
}: 2/15 runes: decaying, gossamer
a: Fly, Blink, Divine Shield, Cleansing Flame, Summon Divine Warrior, Brand
Weapon With Holy Wrath, Renounce Religion


You were on level 4 of the Depths.
You worshipped the Shining One.
The Shining One was exalted by your worship.
You were not hungry.

You visited 6 branches of the dungeon, and saw 28 of its levels.
You also visited: Ice Cave.

You collected 5621 gold pieces.
You spent 2149 gold pieces at shops.

Inventory:

Weapons
 a - a +9 bardiche of molten steel (weapon)
 b - the +12 lance "Wyrmbane" {slay drac, rPois rF+ rC+ AC+3}
   (You took it off Maggie on level 6 of the Dungeon)

   This legendary weapon is deadly to all dragonkind.
   It affects your AC (+3).
   It protects you from fire.
   It protects you from cold.
   It protects you from poison.
Armour
 c - a +2 hat of dexterity (worn)
 O - a +2 pair of gloves of cold resistance (worn)
 Q - a scarf of resistance (worn)
 U - quicksilver dragon scales of dexterity (worn)
Jewellery
 j - a ring of slaying (left hand)
 p - a ring of slaying (right hand)
 s - a cursed amulet of regeneration (around neck) {(Curse: Soulbond)}
 y - an uncursed ring of protection from magic
Wands
 d - a wand of ensnaring (20)
 u - a wand of iceblast (36)
 x - a wand of healing (3)
 A - a wand of random effects (2)
 E - a wand of disintegration (33)
 F - a wand of scattershot (11)
 G - a wand of flame (11)
 H - a wand of clouds (1)
 I - a wand of hasting (2)
 K - a wand of acid (28)
 M - a wand of enslavement (14)
 N - a wand of polymorph (10)
Scrolls
 e - 11 scrolls of teleportation
 h - 4 scrolls of vulnerability
 i - 6 scrolls of fog
 r - 9 scrolls of fear
 t - a scroll of silence
 v - a scroll of bless item
 C - 10 scrolls of magic mapping
 J - a scroll of enchantment
 P - a scroll of holy word
 R - a scroll of summoning
Potions
 g - 2 potions of ambrosia
 k - 4 potions of cancellation
 m - 4 potions of heal wounds
 n - 7 potions of curing
 o - 5 potions of might
 q - 2 potions of agility
 w - 3 potions of haste
 B - 2 potions of resistance
 D - 3 potions of cure mutation
 S - a potion of berserk rage
 W - 3 potions of magic
Miscellaneous
 T - a phantom mirror
 V - a fan of gales
Comestibles
 f - 54 rations


   Skills:
 + Level 20.3 Fighting
 + Level 26.5 Polearms
 - Level 9.0 Armour
 + Level 24.9 Dodging
 - Level 6.0 Stealth
   Level 4.0 Shields
 - Level 9.0 Invocations
 - Level 9.3 Evocations


You had 20 spell levels left.
You didn't know any spells.
Your spell library contained the following spells:

 Spells                   Type           Power        Failure   Level  Hunger
 Beastly Appendage Tmut 0 (50) 43% 1 40-60 Confusing Touch Hex 0 (50) 43% 1 40-60 Flame Tongue Fire 0 (30) 43% 1 40-60 Infusion Chrm 0 (25) 43% 1 40-60 Pain Hex/Necr 0 (25) 43% 1 40-60 Shock Air 0 (25) 43% 1 40-60 Ensorcelled Hibernation Hex/Ice 0 (50) 56% 2 80-120 Shroud of Golubria Chrm/Tloc 0 (200) 56% 2 80-120 Song of Slaying Chrm 0 (100) 56% 2 80-120 Sticks to Snakes Tmut 0 (100) 56% 2 80-120 Swiftness Chrm/Air 0 (100) 56% 2 80-120 Confuse Hex 0 (100) 80% 3 120-180 Gell's Gravitas Tloc 0 (200) 80% 3 120-180 Pryten's Skeletal Upris Chrm/Necr 0 (200) 80% 3 120-180 Recall Summ/Tloc N/A 80% 3 120-180 Regeneration Chrm/Necr 0 (200) 80% 3 120-180 Scorpion Form Tmut/Pois 0 (200) 80% 3 120-180 Snakes to Sticks Hex/Tmut 0 (100) 80% 3 120-180 Spectral Weapon Chrm/Summ 0 (100) 80% 3 120-180 Static Discharge Air 0 (100) 80% 3 120-180 Teleport Other Hex/Tloc 0 (100) 80% 3 120-180 Vampiric Draining Necr 0 (200) 80% 3 120-180 Airstrike Air 0 (200) 99% 4 200-300 Animate Dead Necr N/A 99% 4 200-300 Ice Form Ice/Tmut 0 (100) 99% 4 200-300 Petrify Tmut/Erth 0 (100) 99% 4 200-300 Still Winds Hex/Air 0 (200) 99% 4 200-300 Aura of Abjuration Summ 0 (200) 100% 5 320-480 Blade Hands Tmut 0 (200) 100% 5 320-480 Lightning Bolt Air 0 (200) 100% 5 320-480 Silence Hex/Air 0 (200) 100% 5 320-480 Summon Forest Summ/Erth 0 (200) 100% 5 320-480 Summon Mana Viper Summ/Pois 0 (100) 100% 5 320-480 Yara's Violent Unravell Hex/Tmut 0 (200) 100% 5 320-480 Borgnjor's Vile Clutch Necr/Erth 0 (200) 100% 6 440-660 Darkness Hex 0 (200) 100% 6 440-660 Shadow Creatures Summ N/A 100% 6 440-660 Infestation Tmut/Pois 0 (200) 100% 7 560-840 Icicle Cascade Ice            0 (200)      100%        8    680-1020


Dungeon Overview and Level Annotations

Branches:
Dungeon (8/8)              Temple (0/1) D:4            Lair (6/6) D:5
  Swamp (4/4) Lair:2       Spider (4/4) Lair:4        Slime (0/5) Lair:5
    Orc (2/2) D:6             Elf (0/3) Orc:2        Vaults (0/5) D:7
 Depths (4/5) D:8           IceCv (visited)

Altars:
Elyvilon
Fedhas Madash
Sif Muna
Trog
Vehumet
Wu Jian
Yredelemnul
The Shining One
Jiyva

Shops:
D:2 (   D:8 }   Orc:2 [}!*   Depths:1 *   Depths:2 *

Portals:
Hell: Depths:1 Depths:2 Depths:3 Depths:4
Abyss: Depths:1 Depths:3 Depths:4
Pandemonium: Orc:2 Depths:1 Depths:3

Annotations:
D:2 1 runed translucent door, Crazy Yiuf
Lair:5 1 runed translucent door
Swamp:4 exclusion: 3 oklob plants
Depths:2 1 runed translucent door
Depths:4 Gonosoxt's ghost, adept DsGl


Innate Abilities, Weirdness & Mutations

You have a beak for a mouth.
You have razor-sharp talons for feet.
On contact with water, your feet merge into a fishtail, which allows you to swim quickly, evasively and stealthily.
You can fly continuously.
Your speed and evasion are boosted while flying.
You can translocate small distances at will.
You are slightly more attuned to the shadows.
Your movements are less encumbered by armour. (ER -3)


Message History

The deep troll seems to grow stronger.
You block Gonosoxt's ghost's attack.
You slash Gonosoxt's ghost (16)! You burn Gonosoxt's ghost (8)!
You claw Gonosoxt's ghost, but do no damage.
You peck Gonosoxt's ghost, but do no damage.
Gonosoxt's ghost is moderately damaged. (94/142) HP You block Gonosoxt's ghost's attack.
You hit Gonosoxt's ghost but do no damage.
You claw Gonosoxt's ghost, but do no damage.
Gonosoxt's ghost is moderately damaged. (95/142) HP Gonosoxt's ghost hits you (57)!!!
* * * LOW HITPOINT WARNING * * *
Press: ? - help, v - describe, . - travel, g - get item
Here: Gonosoxt's ghost (moderately damaged (95/142), fast, unusually strong, haloed)
Items here: )) / = [[[ †††
Okay, then.
Okay, then.
You are momentarily dazzled by a brilliant light.
You feel somewhat more peckish. Gonosoxt's ghost hits you (64)!!!
Ouch! That really hurt!
You die...

######.#.#.....'......#########..
...............##################
...............#.....###.. ###
######.........#.....#.#..
#≈§≈##.........'....}+.+.
.§≈≈##.........#.....#.#..
#≈≈≈##.........#T....###..
######.......T>############### ##
..............TW@A....######## #.
'####'######'##########'## #.
.####.######.# #.# #.
.............# #.# #.
.############# #<########. .#
#.##....... .# #.......... ##
###########


You could see a deep troll, a deep troll earth mage, a deep troll shaman,
Gonosoxt's ghost and a friendly daeva.

Vanquished Creatures
  A golden dragon (Depths:4)
  3 liches
  A quicksilver dragon (Depths:3)
  Asterion (Spider:2)
  A titan (Depths:3)
  4 caustic shrikes
  2 storm dragons
  An iron dragon (Depths:2)
  A sphinx (Depths:1)
  6 thorn hunters
  2 tengu reavers
  Agnes (D:7)
  7 frost giants
  7 fire giants
  Louise (Spider:4)
  5 ghost moths
  The ghost of Maplein the Imperceptible, a journeyman OpNa of Ru (Lair:5)
  Aizul (Swamp:1)
  Roxanne (D:8)
  3 vampire knights
  7 entropy weavers
  2 tentacled monstrosities (Depths:2)
  9 spark wasps
  3 fire dragons
  2 ghouls (Swamp:4)
  A fire dragon (shapeshifter) (Depths:2)
  2 chaos butterflies (Lair:6)
  2 blizzard demons
  Harold (D:4)
  2 spriggan air magi
  8 ice dragons
  A verdant mould (Swamp:3)
  12 boulder beetles
  4 emperor scorpions
  8 very ugly things
  Fannar (Lair:2)
  A death knight (D:7)
  3 jiangshi (Depths:1)
  4 great orbs of eyes
  4 deep troll shamans
  3 rakshasas (Depths:2)
  3 vampire magi (Depths:1)
  9 deep troll earth magi
  A catoblepas (Lair:5)
  8 ghost crabs
  15 alligators
  6 sphinx moths
  A spriggan berserker (Depths:4)
  9 stone giants
  7 ogre magi
  7 ettins
  A swooping magpie (Lair:6)
  2 spriggan defenders (Depths:4)
  2 swooping magpies (shapeshifter)
  A dire elephant (Lair:6)
  7 orc high priests (Orc:2)
  A hell knight (Depths:4)
  4 unseen horrors
  4 yaktaur captains
  6 swamp dragons
  2 phantasmal warriors (Swamp:4)
  3 spriggan druids
  4 tengu warriors
  16 two-headed ogres
  A shambling mangrove (Swamp:4)
  12 hydras
  2 glowing orange brains
  6 orc knights
  3 flayed ghosts
  5 centaur warriors
  18 deep trolls
  3 wizards
  An obsidian statue (Spider:2)
  A sun demon (Depths:3)
  4 necromancers
  12 orb spiders
  A sixfirhy (Orc:2)
  A deep elf mage (D:8)
  6 manticores
  4 rock worms
  5 death yaks (Lair:6)
  A torturous demonspawn (Orc:2)
  7 orc sorcerers
  A manticore (shapeshifter) (Depths:3)
  13 giraffes
  A moth of wrath (Spider:4)
  3 apocalypse crabs (Swamp:1)
  2 ice statues (IceCv)
  5 black mambas
  3 molten gargoyles (D:6)
  5 iron trolls
  20 ugly things
  16 ice devils
  23 spiny frogs
  Maggie (D:6)
  3 freezing wraiths
  2 elephants (Lair:6)
  An orange demon (Depths:3)
  A troll (shapeshifter) (D:8)
  39 wolf spiders
  2 kobold demonologists
  2 trolls
  13 yaktaurs
  3 rime drakes
  2 tengu zombies (Depths:1)
  A merfolk (D:4)
  2 golden dragon skeletons (Depths:2)
  8 komodo dragons
  4 tengu conjurers
  A queen bee (Spider:2)
  3 bog bodies
  11 tyrant leeches
  33 jumping spiders
  A titan simulacrum (Depths:2)
  26 hornets
  2 red devils
  5 polar bears (Lair:6)
  9 demonic crawlers
  2 wraiths (D:6)
  2 dream sheep (Lair:6)
  5 spectral hydras (Swamp:4)
  7 blink frogs
  Prince Ribbit (D:2)
  7 flying skulls (D:6)
  6 hippogriffs
  19 spriggans
  A neqoxec (Orc:2)
  19 cyclopes
  15 yaks
  A shadow (Swamp:2)
  4 wyverns
  A fire elemental (Orc:1)
  5 water elementals
  3 fire bats
  2 basilisks
  A tarantella (shapeshifter) (Depths:3)
  34 tarantellas
  2 acid dragons
  4 guardian mummies
  28 vampire mosquitoes
  2 hungry ghosts
  16 slime creatures
  3 wolf spider zombies
  13 wargs
  7 insubstantial wisps
  Purgy (D:2)
  69 redbacks
  2 spriggan skeletons
  35 swamp worms
  3 soldier ants
  17 water moccasins
  5 phantoms
  18 porcupines
  A swamp drake (shapeshifter) (Depths:2)
  6 scorpions
  2 two-headed ogre zombies (D:6)
  5 hydra simulacra (Swamp:4)
  25 orc warriors
  11 swamp drakes
  5 ice beasts
  A swamp dragon zombie (Swamp:4)
  A redback zombie (D:7)
  A death drake zombie (Swamp:4)
  6 sky beasts
  Ijyb (D:3)
  5 black bears
  An eye of draining (D:4)
  23 ogres
  40 wolves
  14 boggarts
  A rock worm zombie (D:4)
  A swamp dragon skeleton (Swamp:4)
  17 crocodiles
  18 big kobolds
  Blork the orc (D:7)
  23 bullfrogs
  A troll zombie (D:6)
  A centaur (shapeshifter) (Depths:4)
  7 centaurs
  A meliai zombie (D:6)
  4 harpy skeletons
  6 howler monkeys (D:5)
  10 killer bees
  8 electric eels
  5 wights (D:4)
  3 hornet zombies
  2 crimson imps (D:4)
  6 hounds
  A lava snake (D:6)
  23 orc priests
  8 jellies
  Jessica (D:2)
  5 mummies (D:6)
  10 orc wizards
  3 iguanas
  5 ogre zombies (D:6)
  7 hell rats (Lair:6)
  9 worker ants
  2 wyvern zombies
  A water moccasin zombie (D:5)
  A water moccasin skeleton (D:3)
  13 giant cockroaches
  5 bullfrog zombies
  3 bullfrog skeletons
  5 adders
  4 gnolls (D:5)
  45 sewer rats
  7 white imps (IceCv)
  8 cinder newts
  2 worms
  A hound zombie (D:5)
  7 ufetubi (IceCv)
  A hound skeleton (D:3)
  5 dart slugs (D:1)
  5 leopard geckos
  57 orcs
  2 adder skeletons (D:2)
  11 bats
  2 goblins (D:1)
  3 hobgoblins (D:1)
  6 quokkas
  6 ball pythons
  A bat skeleton (D:2)
  3 goblin skeletons (D:6)
  A goblin zombie (D:6)
  5 hobgoblin zombies (D:6)
  13 kobolds
  A leopard gecko zombie (D:5)
  3 orc skeletons (D:6)
  13 orc zombies (D:6)
  A quokka zombie (D:5)
  10 rats
  2 briar patches
  2 plants
  A rainbow trout (Swamp:3)
  A withered plant (D:2)
1563 creatures vanquished.

Vanquished Creatures (others)
  A fire giant (Depths:3)
  A spriggan druid (Swamp:1)
  A redback (Lair:2)
  A bullfrog (D:5)
  An electric eel (Spider:4)
  A giant cockroach (D:2)
  2 white imps (IceCv)
  A worm (D:2)
  An ufetubus (IceCv)
  A bat (D:2)
  2 bushes (Lair:6)
  3 butterflies (Depths:3)
  A fungus (Lair:6)
  6 giant blowflies
  50 plants
  44 rainbow trout
  4 slimeheads (D:2)
  49 withered plants (D:2)
170 creatures vanquished.

Grand Total: 1733 creatures vanquished

Notes
Turn   | Place    | Note
-------+----------+-------------------------------------------
     0 | D:1      | esc the Tengu Merfolk began the quest for the Orb.
     0 | D:1      | Reached XP level 1. HP: 12/12 MP: 3/3
    43 | D:1      | Reached XP level 2. HP: 13/18 MP: 4/4
    45 | D:1      | Reached skill level 4 in Polearms
    45 | D:1      | Reached XP level 3. HP: 16/22 MP: 5/5
   140 | D:1      | Found a glowing golden altar of the Shining One.
   147 | D:1      | Became a worshipper of the Shining One
   165 | D:1      | Reached XP level 4. HP: 28/28 MP: 6/6
   267 | D:1      | Reached skill level 5 in Dodging
   463 | D:1      | Reached skill level 5 in Polearms
   467 | D:1      | Gained mutation: You can fly continuously. Your speed and
                  | evasion are boosted while flying. [Tengu growth]
   467 | D:1      | Reached XP level 5. HP: 32/32 MP: 7/7
   661 | D:2      | Noticed Jessica
   674 | D:2      | Killed Jessica
   674 | D:2      | Reached skill level 1 in Shields
   700 | D:2      | Reached * piety under the Shining One
   718 | D:2      | Reached XP level 6. HP: 38/38 MP: 8/8
   765 | D:2      | Reached skill level 6 in Polearms
   790 | D:2      | Reached XP level 7. HP: 44/44 MP: 9/9
   908 | D:2      | Found a bloodstained altar of Trog.
  1128 | D:2      | Noticed Prince Ribbit
  1262 | D:2      | Reached skill level 5 in Fighting
  1290 | D:2      | Found Lileokh's Antique Weapon Emporium.
  1293 | D:2      | Reached skill level 7 in Polearms
  1365 | D:2      | Noticed Purgy
  1372 | D:2      | Killed Purgy
  1372 | D:2      | Reached XP level 8. HP: 49/49 MP: 10/10
  1436 | D:2      | Reached ** piety under the Shining One
  1803 | D:2      | Killed Prince Ribbit
  1803 | D:2      | Reached skill level 8 in Polearms
  2005 | D:2      | Found a runed translucent door.
  2018 | D:2      | Noticed Crazy Yiuf
  2268 | D:3      | Reached skill level 9 in Polearms
  2273 | D:3      | Reached XP level 9. HP: 56/56 MP: 11/11
  2428 | D:3      | Noticed Ijyb
  2435 | D:3      | Killed Ijyb
  2647 | D:4      | Identified the cursed +1 robe "Quij" {rF+ Dex+3 Slay+2
                  | Stlth-, (Curse: *Contam)}
  2731 | D:4      | Noticed Harold
  2746 | D:4      | Killed Harold
  2746 | D:4      | Reached skill level 10 in Polearms
  2746 | D:4      | Reached skill level 10 in Dodging
  2843 | D:4      | Noticed Joseph
  2854 | D:4      | Noticed Joseph
  2854 | D:4      | Joseph changed into Joseph the eye of draining
  2855 | D:4      | Killed Joseph the eye of draining
  2895 | D:4      | Reached *** piety under the Shining One
  2916 | D:4      | Found a staircase to the Ecumenical Temple.
  2929 | D:4      | Reached skill level 11 in Polearms
  3022 | D:4      | Reached XP level 10. HP: 65/65 MP: 12/12
  3320 | D:4      | Found an ornate altar of the Wu Jian Council.
  3609 | D:2      | Bought a runed glaive for 218 gold pieces
  3688 | D:5      | Entered Level 5 of the Dungeon
  3746 | D:5      | Reached skill level 12 in Polearms
  3746 | D:5      | Reached skill level 1 in Stealth
  3774 | D:5      | Identified the cursed ring of Xaistreh {rN+ EV+5 +Vis,
                  | (Curse: *Corrode Fragile)}
  3789 | D:5      | Reached **** piety under the Shining One
  3802 | D:5      | Reached skill level 10 in Fighting
  3805 | D:5      | Reached XP level 11. HP: 54/72 MP: 13/13
  3814 | D:5      | Reached skill level 5 in Stealth
  3852 | D:5      | Identified the cursed ring "Ysopn" {Fire MP+9 Str+3 Int-5,
                  | (Curse: Fragile)}
  3861 | D:5      | Reached skill level 13 in Polearms
  3900 | D:5      | Found a staircase to the Lair.
  4021 | D:5      | Found a radiant altar of Vehumet.
  4177 | D:5      | Noticed a two-headed ogre
  4181 | D:5      | Killed a two-headed ogre
  4198 | D:5      | Reached ***** piety under the Shining One
  4254 | D:5      | Identified the amulet "Uxon" {-Vis +Inv Int+2}
  4260 | D:5      | Reached skill level 14 in Polearms
  4347 | Lair:1   | Entered Level 1 of the Lair of Beasts
  4359 | Lair:1   | Noticed a five-headed hydra
  4365 | Lair:1   | Killed a three-headed hydra
  4380 | Lair:1   | Noticed a boulder beetle
  4391 | Lair:1   | Killed a boulder beetle
  4517 | Lair:1   | Noticed a five-headed hydra
  4522 | Lair:1   | Killed a three-headed hydra
  4522 | Lair:1   | Reached XP level 12. HP: 80/80 MP: 14/14
  4844 | Lair:1   | Reached skill level 15 in Polearms
  4844 | Lair:1   | Reached skill level 15 in Dodging
  5581 | Lair:2   | Found a staircase to the Swamp.
  5619 | Lair:2   | Reached skill level 1 in Invocations
  5621 | Lair:2   | Noticed Fannar
  5637 | Lair:2   | Killed Fannar
  6030 | Lair:3   | Noticed a boulder beetle
  6039 | Lair:3   | Killed a boulder beetle
  6144 | Lair:3   | Reached XP level 13. HP: 87/87 MP: 16/16
  6277 | Lair:3   | Reached skill level 16 in Polearms
  6440 | Lair:3   | Identified the +1 flail of Truncation {molten, rElec rC-
                  | Int+8 Dex+3}
  6841 | Lair:4   | Reached skill level 5 in Evocations
  6905 | Lair:4   | Found a hole to the Spider Nest.
  7653 | Lair:5   | Identified the cursed +8 staff of the Badger {energy, fire;
                  | rPois rF+ Int+2 Dex+3, (Curse: Soulbond)}
  7735 | Lair:5   | Reached skill level 5 in Invocations
  7820 | Lair:5   | Reached XP level 14. HP: 79/94 MP: 19/19
  7822 | Lair:5   | Reached skill level 17 in Polearms
  7829 | Lair:5   | Found a runed translucent door.
  7829 | Lair:5   | Noticed Maplein's ghost (journeyman OpNa)
  7869 | Lair:5   | Killed Maplein's ghost
  8004 | Lair:5   | Reached ****** piety under the Shining One
  8214 | Lair:5   | Found a runed translucent door.
  8214 | Lair:5   | Found a viscous altar of Jiyva.
  8215 | Lair:5   | Found a staircase to the Slime Pits.
  8360 | Lair:6   | Entered Level 6 of the Lair of Beasts
  8825 | Lair:6   | Identified the cursed amulet "Ypeaqon" {+Rage rC+ rN+
                  | Int+5, (Curse: Fragile rF-)}
  9342 | Lair:6   | Identified the +5 scimitar "Kemem" {slice, rC+ MR+}
  9876 | D:6      | Found a staircase to the Orcish Mines.
 10010 | D:6      | Reached skill level 18 in Polearms
 10010 | D:6      | Reached XP level 15. HP: 100/100 MP: 22/22
 10337 | D:6      | Noticed Maggie
 10345 | D:6      | Killed Maggie
 10605 | Orc:1    | Entered Level 1 of the Orcish Mines
 10993 | Orc:1    | Noticed a fire giant
 11009 | Orc:1    | Killed a fire giant
 11367 | Orc:1    | Identified the cursed ring "Xemaf" {rPois rN+ EV+5 Int-4,
                  | (Curse: Str-2)}
 11854 | Orc:2    | Entered Level 2 of the Orcish Mines
 11859 | Orc:2    | Found a staircase to the Elven Halls.
 12202 | Orc:2    | Found Caloter's General Store.
 12206 | Orc:2    | Found Juhuod Kisk's Distillery.
 12323 | Orc:2    | Reached skill level 15 in Fighting
 12356 | Orc:2    | Identified the cursed ring "Mannaoty" {*Corrode Dex+5
                  | Stlth+, (Curse: Fragile Int-5)}
 12738 | Orc:2    | Reached skill level 19 in Polearms
 12950 | Orc:2    | Found Zirus's Antique Armour Emporium.
 12950 | Orc:2    | Found a one-way gate leading to the halls of Pandemonium.
 12950 | Orc:2    | Found Ulir's Gadget Shoppe.
 12953 | Orc:2    | Reached XP level 16. HP: 108/108 MP: 23/23
 13195 | Orc:2    | Bought a potion of cancellation for 88 gold pieces
 13195 | Orc:2    | Bought a potion of cancellation for 88 gold pieces
 13197 | Orc:2    | Bought a scroll of bless item for 390 gold pieces
 13479 | Spider:1 | Entered Level 1 of the Spider Nest
 13523 | Spider:1 | Reached skill level 1 in Armour
 14492 | Spider:2 | Reached skill level 20 in Polearms
 14556 | Spider:2 | Noticed Asterion
 14605 | Spider:2 | Killed Asterion
 15250 | Spider:3 | Reached skill level 5 in Armour
 15312 | Spider:3 | Reached XP level 17. HP: 115/115 MP: 14/24
 16108 | Spider:4 | Entered Level 4 of the Spider Nest
 16185 | Spider:4 | Noticed Louise
 16196 | Spider:4 | Killed Louise
 16753 | Spider:4 | Identified the +0 robe "Emoosilo" {rN+ rCorr}
 17153 | Spider:4 | Reached skill level 21 in Polearms
 17352 | Spider:4 | Got a gossamer rune of Zot
 17558 | Swamp:1  | Entered Level 1 of the Swamp
 17622 | Swamp:1  | Identified the amulet "Zuciosudgh" {Reflect rF- rN+ Int+2
                  | SH+5}
 17719 | Swamp:1  | Found a runed translucent door.
 17869 | Swamp:1  | Noticed Aizul
 17906 | Swamp:1  | Killed Aizul
 18421 | Swamp:1  | Reached XP level 18. HP: 123/123 MP: 25/25
 18800 | Swamp:1  | Identified the +8 falchion "Thing" {venom, +Inv Int+2}
 19044 | Swamp:2  | Identified a scroll of acquirement
 19870 | Swamp:3  | Found a frozen archway.
 19879 | IceCv    | Entered an ice cave
 20110 | IceCv    | Found the ring of the Mage {Wiz MR++ Int+3}
 20724 | Swamp:3  | Was placed under penance by the Shining One
 20775 | Swamp:4  | Entered Level 4 of the Swamp
 20780 | Swamp:4  | Was forgiven by the Shining One
 20794 | Swamp:4  | Reached skill level 22 in Polearms
 20861 | Swamp:4  | HP: 4/124 [spectral 27-headed hydra (4)]
 20861 | Swamp:4  | The Shining One protects you from harm!
 20861 | Swamp:4  | HP: 1/124 [spectral 27-headed hydra (3)]
 21263 | Swamp:4  | Found a basalt altar of Yredelemnul.
 21278 | Swamp:4  | Got a decaying rune of Zot
 21295 | Swamp:4  | Found a blossoming altar of Fedhas.
 21319 | Swamp:4  | Reached XP level 19. HP: 117/130 MP: 26/26
 21767 | Swamp:4  | Upgraded the game from 0.03.3.1-34-gd247f1d118 to
                  | 0.04-10-g8a6d0ff729
 21767 | Swamp:4  | Upgraded the game from 0.04-10-g8a6d0ff729 to
                  | 0.04.11-10-gf7304a76c8
 21767 | Swamp:4  | Upgraded the game from 0.04.11-10-gf7304a76c8 to
                  | 0.05.21-63-g49dc21dc10
 22131 | D:7      | Found a gate to the Vaults.
 22357 | D:7      | Noticed Blork the orc
 22363 | D:7      | Killed Blork the orc
 22367 | D:7      | Found a shimmering blue altar of Sif Muna.
 22452 | D:7      | Noticed Agnes
 22459 | D:7      | Killed Agnes
 22471 | D:7      | Found a white marble altar of Elyvilon.
 22977 | D:8      | Entered Level 8 of the Dungeon
 23018 | D:8      | Identified Roxanne's Catalogue of the Volcanoes
 23018 | D:8      | Noticed Roxanne
 23042 | D:8      | Killed Roxanne
 23570 | D:8      | Found a staircase to the Depths.
 23645 | D:8      | Found Goaliw's Gadget Boutique.
 23970 | Crypt:3  | Connectivity tunneler affected evilmike_haunted_forest.
 23970 | Depths:1 | Entered Level 1 of the Depths
 23998 | Depths:1 | Reached skill level 23 in Polearms
 24298 | Depths:1 | Noticed a lich
 24380 | Depths:1 | Killed a lich
 24739 | Depths:1 | Found a gateway to Hell.
 24740 | Depths:1 | Found a one-way gate to the infinite horrors of the Abyss.
 24914 | Depths:1 | Found Potoeta's Island Escapes.
 24933 | Depths:1 | Bought a scroll of teleportation for 39 gold pieces
 24933 | Depths:1 | Bought a scroll of teleportation for 39 gold pieces
 24933 | Depths:1 | Bought a scroll of blinking for 97 gold pieces
 25323 | Depths:2 | Reached XP level 20. HP: 121/121 MP: 27/27
 25449 | Depths:2 | Identified the +6 quarterstaff of Awen {venom, rElec Str-5
                  | Int+10}
 25466 | Depths:2 | Identified the +6 battleaxe "Unkuis" {pain, +Blink rPois}
 26106 | Depths:2 | Reached skill level 24 in Polearms
 26249 | Depths:2 | Found a runed translucent door.
 26393 | Depths:2 | Identified the Guide on Fire
 26488 | Depths:2 | Found Ellyruid's Changing Room.
 26663 | Depths:2 | Bought a potion of beneficial mutation for 595 gold pieces
 26663 | Depths:2 | Bought a potion of beneficial mutation for 595 gold pieces
 26663 | Depths:2 | Gained mutation: Your movements are less encumbered by
                  | armour. (ER -3) [potion of mutation]
 26664 | Depths:2 | Gained mutation: You can translocate small distances at
                  | will. [potion of mutation]
 27964 | Depths:3 | Reached skill level 25 in Polearms
 28438 | Depths:3 | Identified the ring "Neosoewo" {Ice Str+3 Dex-5 Stlth+}
 28470 | Depths:3 | Reached XP level 21. HP: 119/127 MP: 28/28
 29220 | Depths:4 | Identified the +5 hand crossbow of Evisceration {elec,
                  | *Contam rPois Str+6 Stlth+}
 29225 | Depths:4 | Gained mutation: You are slightly more attuned to the
                  | shadows. [potion of mutation]
 29242 | Depths:4 | Reached skill level 26 in Polearms
 29958 | Depths:4 | Identified the cursed +10 cleaver "Powoger" {slice, rF+
                  | Str+3 Int+4, (Curse: MR-)}
 29997 | Depths:4 | Identified the cursed +6 staff of Compulsion {reaver, life;
                  | MP+9, (Curse: rF-)}
 30203 | Depths:4 | Noticed a golden dragon
 30223 | Depths:4 | Killed a golden dragon
 30321 | Depths:4 | Noticed Gonosoxt's ghost (adept DsGl)
 30390 | Depths:4 | Found a runed translucent door.
 30611 | Depths:4 | Found a runed translucent door.
 31169 | Depths:4 | Annihilated by Gonosoxt's ghost

Levels and vault maps discovered:
D:1:      dpeg_arrival_houses_and_road, layout_rooms, minmay_misc_feat_chi,
          hex_intersection, tso_altar
D:2:      layout_sewer, slow_altar_1, sewer_frog_pond, serial_shops, shop,
          trog_book, uniq_jessica, uniq_purgy, uniq_crazy_yiuf_cottage
D:3:      layout_cave_pools, first_ration, uniq_ijyb
D:4:      layout_irregular_city, overflow_temple_1_default,
          minmay_temple_entry_tees, hangedman_fish_farm, uniq_harold,
          uniq_joseph
D:5:      layout_roguey [special_room_kobold], vehumet_altar_wand_db,
          david_lair_shrubbed
D:6:      ossuary_bcadren_due_volcanic, layout_twisted_cavern,
          zombieorc2_lemuel, uniq_maggie
D:7:      layout_irregular_city, tgw_sif, elyvilon_altar_5, david_vaults_1,
          chequers_arboretum, uniq_agnes
D:8:      grunt_enter_depths_magical_seal, layout_long_grid, serial_shops,
          nicolae_shop_statue_plus, uniq_roxanne
Lair:1:   layout_gridlike
Lair:2:   layout_chaotic_city, swamp_mist_pool, chequers_ossuary_entry_cave,
          lemuel_fruit_tree, uniq_fannar, uniq_prince_ribbit2
Lair:3:   layout_hall_layers
Lair:4:   layout_hall_layers, nicolae_spider_entry_non_spiders
Lair:5:   layout_small_grid, slime_altar_2, ebering_ghost_reflecting_pool
Lair:6:   minmay_lair_end_enchanted_forest, layout_cave_pods, grunt_megastairs_4
Swamp:1:  gammafunk_mikee_crab_dinner, layout_basic_swamp,
          nicolae_swamp_very_dense_foliage, uniq_aizul
Swamp:2:  layout_falls_marsh, evilmike_swamp_ruin_house_2, swamp_pool3
Swamp:3:  layout_falls_marsh, portal_ice_cave_entry_pillars_three,
          hangedman_swamp_diagram
Swamp:4:  byrel_swamp_growth_death_and_undeath, layout_basic_swamp, swamp_pool5
Spider:1: layout_spider_delve, drop_trap
Spider:2: spider_temple_joshua, uniq_asterion
Spider:3: layout_chambers
Spider:4: spider_rune_water, drop_trap, uniq_louise
Orc:1:    giant_chief_lemuel, layout_caves
Orc:2:    pf_orc_diabolical, layout_caves, nicolae_orc_rockfall
Depths:1: layout_basic, hell_entry, nicolae_two_hexagons, pan_entry,
          abyss_entry, grunt_decor_cap, chequers_jeans, serial_bayou_pond_d,
          grunt_ministairs_15, ebering_dispersal_statue_hall,
          minmay_misc_feat_pillars, nicolae_island_escapes
Depths:2: minmay_the_grid_triangle_9x9_rhombus_full_mashed
          [minmay_the_grid_triangle_9x9_sparse_checkered,
          minmay_the_grid_triangle_9x9_warning,
          minmay_the_grid_triangle_9x9_corrupted_corridor,
          minmay_the_grid_triangle_9x9_subtriangle,
          minmay_the_grid_triangle_9x9_thin_v,
          minmay_the_grid_triangle_9x9_flanged_cone,
          minmay_the_grid_triangle_9x9_limited_checkers,
          minmay_the_grid_triangle_9x9_prize_insulated], layout_honeycomb,
          serial_bayou_ford_a, grunt_hell_entry_dis_grunt,
          nicolae_transmutations_shop, drop_trap, serial_bayou_shore_b
Depths:3: minmay_split_circle, layout_gridlike, abyss_entry,
          rand_demon_pan_entry_1, serial_sigils, serial_sigils_hangedman_shear,
          serial_sigils_hangedman_writhe, serial_sigils_hangedman_confine,
          serial_sigils_hangedman_gnaw, serial_sigils_hangedman_gut, hell_entry
Depths:4: grunt_crosshair, layout_gridlike,
          muffindrake_ghost_three_little_ghosts, minmay_holes, hell_entry,
          abyss_entry_small_statue_room

Skill      XL: |  1  2  3  4  5  6  7  8  9 10 11 12 13 14 15 16 17 18 19 20 21 |
---------------+----------------------------------------------------------------+-----
Polearms       | 4 5 6 7 9 11 12 14 15 16 18 19 20 21 22 23 25 26 | 26.5
Dodging        | 4 5 6 7 9 11 12 14 15 16 17 19 20 21 22 23 24 | 24.9
Fighting       | 3 4 5 6 8 10 11 12 13 14 15 16 17 18 19 20 | 20.3
Shields        | 1 2 3 4 |  4.0
Stealth        | 4 6 |  6.0
Invocations    | 2 5 7 9 |  9.0
Evocations     | 3 6 8 9 |  9.3
Armour         | 5 7 9 |  9.0

Action                   |  1- 3 |  4- 6 |  7- 9 | 10-12 | 13-15 | 16-18 | 19-21 || total
-------------------------+-------+-------+-------+-------+-------+-------+-------++-------
Melee: Trident           |     8 |   130 |   272 |    35 |       |       |       ||   445
       Unarmed           |     1 |     5 |       |       |     1 |       |    21 ||    28
       Kick              |     1 |    24 |    85 |    36 |   103 |   127 |   381 ||   757
       Headbutt          |       |    13 |    52 |    28 |    61 |    69 |     3 ||   226
       Peck              |       |    10 |    13 |       |       |    10 |       ||    33
       Glaive            |       |       |       |   226 |   597 |   717 |   811 ||  2351
       Lance             |       |       |       |       |     3 |       |    33 ||    36
       Tailslap          |       |       |       |       |       |       |   230 ||   230
       Bardiche          |       |       |       |       |       |       |   174 ||   174
 Fire: Arbalest          |       |       |       |       |     5 |       |       ||     5
Throw: Stone             |    17 |       |       |       |       |       |       ||    17
       Skull             |     6 |       |       |       |       |       |       ||     6
       Rusty metal       |     5 |       |       |       |       |       |       ||     5
       Bone              |     5 |       |       |       |       |       |       ||     5
Invok: Divine Shield     |       |       |       |       |       |     1 |     6 ||     7
       Summon Divine War |       |       |       |       |       |       |     1 ||     1
 Abil: Fly               |       |       |       |       |     1 |       |     3 ||     4
       Stop Flying       |       |       |       |       |       |     2 |     2 ||     4
Evoke: Wand              |       |       |       |    14 |       |     9 |     7 ||    30
  Use: Scroll            |       |       |     1 |     6 |     7 |     8 |    17 ||    39
       Potion            |       |       |       |     2 |     1 |     3 |     5 ||    11
  Eat: Chunk             |       |       |     7 |    10 |    21 |    22 |    28 ||    88
       Ration            |       |       |       |       |       |     1 |     1 ||     2
Armor: Leather armour    |     6 |     8 |     5 |       |       |       |       ||    19
       Troll leather     |       |       |     8 |       |       |       |       ||     8
       Robe              |       |       |     2 |     4 |    67 |       |       ||    73
       Quicksilver drago |       |       |       |       |       |    77 |   127 ||   204
Dodge: Dodged            |    11 |    67 |   194 |   105 |   353 |   369 |   611 ||  1710
Block: Buckler           |       |    17 |    47 |     1 |       |       |       ||    65
       Other             |       |       |       |       |       |     1 |    28 ||    29
